 Dungeon Crawl Stone Soup version 0.26.1-11-gd32895ea62 (webtiles) character file.

Game seed: 915090603213938260

35175 raph the Spry (level 13, -24/89 HPs)
             Began as a Merfolk Ice Elementalist on Apr 14, 2021.
             Was a High Priest of Okawaru.
             Annihilated by Rupert
             ... wielding a +1 great sword of holy wrath
              (31 damage)
             ... on level 2 of the Orcish Mines.
             The game lasted 01:02:35 (28061 turns).

raph the Spry (Merfolk Ice Elementalist)           Turns: 28061, Time: 01:02:36

Health: -24/89     AC: 13    Str: 12    XL:     13   Next: 82%
Magic:  29/34      EV: 24    Int: 18    God:    Okawaru [*****.]
Gold:   1141       SH:  7    Dex: 16    Spells: 6/29 levels left

rFire    + . .     SeeInvis .   a - +6 spear (flame)
rCold    . . .     Faith    .   S - +2 buckler
rNeg     + . .     Spirit   .   W - +0 troll leather armour
rPois    .         Reflect  .   M - +2 hat
rElec    +         Harm     .   n - +1 cloak
rCorr    .         Rampage  .   m - +2 pair of gloves
Will     .....                  w - +1 pair of boots
Stlth    +++.......             v - amulet of the acrobat
HPRegen  0.64/turn              O - ring "Fues" {+Fly rC+ Str+4}
MPRegen  0.24/turn              N - ring of Buxzo {Fire rElec rN+ Will- MP+9}

@: frozen ramparts, studying Dodging
A: change form in water, swift swim, stealthy swim
a: Renounce Religion, Evoke Flight, Heroism, Finesse


You were on level 2 of the Orcish Mines.
You worshipped Okawaru.
Okawaru was extremely pleased with you.
You visited 4 branches of the dungeon, and saw 19 of its levels.
You also visited: Sewer and Gauntlet.

You collected 1763 gold pieces.
You spent 622 gold pieces at shops.

Inventory:

Hand Weapons
 a - a +6 spear of flaming (weapon)
 b - a +1 trident of flaming
 i - a +1 dagger of holy wrath
 j - a +2 vampiric spear
 t - a +0 trident
Armour
 c - a +0 robe
 g - a scarf of resistance
 m - a +2 pair of gloves (worn)
 n - a +1 cloak (worn)
 w - a +1 pair of boots (worn)
 H - a +1 buckler
 M - a +2 hat (worn)
 S - a +2 buckler (worn)
 W - a +0 troll leather armour (worn)
Magical Staves
 P - an uncursed staff of death
Jewellery
 u - a +6 ring of dexterity
 v - an amulet of the acrobat (around neck)
 x - an uncursed ring of magical power
 C - an uncursed ring of positive energy
 I - the ring of Ru's Regard {+Inv rElec MP-9 EV+4 Str+5}
   (You acquired it on level 8 of the Dungeon)

   [ring of evasion]

   It affects your evasion (+4).
   It affects your strength (+5).
   It insulates you from electricity.
   It affects your magic capacity (-9).
   It lets you turn invisible.
 N - the ring of Buxzo (right hand) {Fire rElec rN+ Will- MP+9}
   (You found it in a Gauntlet)

   [ring of fire]

   It enhances your fire magic.
   It protects you from fire.
   It makes you vulnerable to cold.
   It insulates you from electricity.
   It protects you from negative energy.
   It affects your willpower, your defense against some magical effects.
   It affects your magic capacity (+9).
 O - the ring "Fues" (left hand) {+Fly rC+ Str+4}
   (You found it in a Gauntlet)

   [ring of protection from cold]

   It affects your strength (+4).
   It protects you from cold.
   It lets you fly.
 Z - an uncursed amulet of magic regeneration
Wands
 k - a wand of paralysis (9)
 p - a wand of enslavement (11)
 s - a wand of polymorph (24)
 z - a wand of digging (1)
 K - a wand of flame (18)
 Q - a wand of iceblast (9)
 R - a wand of acid (11)
 V - a wand of disintegration (22)
Scrolls
 h - a scroll of immolation
 l - 7 scrolls of remove curse
 o - a scroll of amnesia
 y - 12 scrolls of teleportation
 D - 7 scrolls of identify
 J - 6 scrolls of fear
 U - 3 scrolls of enchant weapon
 X - a scroll of magic mapping
 Y - a scroll of enchant armour
Potions
 d - 10 potions of curing
 e - 2 potions of attraction
 f - a potion of might
 q - 2 potions of brilliance
 r - 2 potions of flight
 A - 2 potions of magic
 F - a potion of berserk rage
 G - 3 potions of cancellation
Books
 E - a manual of Dodging
Miscellaneous
 B - a condenser vane (inert)
 L - a lightning rod (3/4)
 T - a phantom mirror


   Skills:
 - Level 4.3 Fighting
 - Level 12.0 Polearms
 + Level 2.0 Armour
 + Level 16.4 Dodging
 - Level 6.1 Stealth
 - Level 4.0 Shields
 + Level 8.9 Spellcasting
 - Level 3.0 Summonings
 - Level 6.5 Transmutations
 + Level 12.2 Ice Magic
 + Level 9.6 Invocations


You had 6 spell levels left.
You knew the following spells:

 Your Spells              Type           Power        Failure   Level
a - Freeze                Ice            100%         1%          1
b - Frozen Ramparts       Ice            100%         1%          3
c - Ozocubu's Armour      Ice            51%          1%          3
d - Wereblood             Tmut           31%          1%          2
e - Summon Ice Beast      Ice/Summ       35%          4%          4
f - Ice Form              Ice/Tmut       41%          2%          4
g - Animate Skeleton      Necr           16%          12%         1
h - Ignite Poison         Fire/Tmut/Pois 23%          14%         3
i - Blink                 Tloc           N/A          17%         2

Your spell library contained the following spells:

 Spells                   Type           Power        Failure   Level
 Beastly Appendage        Tmut           62%          1%          1
 Ensorcelled Hibernation  Hex/Ice        60%          1%          2
 Sting                    Tmut/Pois      76%          3%          1
 Summon Small Mammal      Summ           76%          3%          1
 Call Imp                 Summ           19%          4%          2
 Passwall                 Tmut/Erth      15%          4%          2
 Spider Form              Tmut/Pois      9%           9%          3
 Hailstorm                Conj/Ice       30%          9%          4
 Apportation              Tloc           16%          12%         1
 Corona                   Hex            8%           12%         1
 Magic Dart               Conj           32%          12%         1
 Sandblast                Erth           16%          12%         1
 Shock                    Conj/Air       32%          12%         1
 Slow                     Hex            8%           17%         2
 Swiftness                Air            8%           17%         2
 Blade Hands              Tmut           15%          22%         5
 Conjure Flame            Conj/Fire      12%          34%         3
 Mephitic Cloud           Conj/Pois/Air  8%           34%         3
 Static Discharge         Conj/Air       8%           34%         3
 Airstrike                Air            4%           75%         4
 Leda's Liquefaction      Hex/Erth       4%           75%         4
 Olgreb's Toxic Radiance  Pois           8%           75%         4
 Simulacrum               Ice/Necr       15%          80%         6
 Summon Forest            Summ/Tloc      6%           86%         5
 Bolt of Magma            Conj/Fire/Erth 6%           97%         5
 Borgnjor's Vile Clutch   Necr/Erth      4%           97%         5
 Lightning Bolt           Conj/Air       4%           97%         5
 Silence                  Hex/Air        4%           97%         5
 Shadow Creatures         Summ           N/A          99%         6
 Dispersal                Tloc           4%           100%        6
 Dragon's Call            Summ           9%           100%        9


Dungeon Overview and Level Annotations

Branches:
Dungeon (11/15)            Temple (1/1) D:5            Lair (5/6) D:9
 Shoals (0/4) Lair:3       Spider (0/4) Lair:2        Slime (0/5) Lair:5
    Orc (2/2) D:10            Elf (0/3) Orc:2         Sewer (visited)
Gauntlet (visited)

Altars:
Ashenzari
Cheibriados
Dithmenos
Elyvilon
Fedhas
Gozag
Hepliaklqana
Kikubaaqudgha
Makhleb
Nemelex Xobeh
Okawaru
Qazlal
Ru
Sif Muna
Trog
Uskayaw
Vehumet
Wu Jian
Xom
Yredelemnul
Zin
The Shining One
Beogh
Jiyva
Lugonu

Shops:
D:4 :   D:6 !**(

Annotations:
D:6 2 transporters
D:7 3 runed translucent doors, Sassenached's ghost, journeyman NaWn
D:8 2 transporters
D:9 exclusion: ice statue
Orc:2 Rupert


Message History

Rupert is lightly wounded.
The wall freezes Rupert.
Rupert hits you with a +1 great sword of holy wrath!!!
* * * LOW HITPOINT WARNING * * *
You hear a shout!
You puncture Rupert! You burn Rupert.
Rupert is lightly wounded.
You hit Rupert but do no damage.
Rupert is lightly wounded.
The wall freezes Rupert.
Rupert hits you with a +1 great sword of holy wrath!!
* * * LOW HITPOINT WARNING * * *
An orc comes into view. It is wielding a +1 flail of venom.
As you read the scroll of fear, it crumbles to dust.
You assume a fearsome visage.
The orc wizard looks frightened!
The orc looks frightened! x2
The orc wizard mumbles some strange words.
The orc wizard blinks!
The wall freezes Rupert.
Rupert hits you with a +1 great sword of holy wrath!!
You die...

##.##......#.........
##.........##)).......
#..........###........
#.........## ##.......
#.......o..# ##.......
##.........##.........
##.........ยง.........
##.........>......##
###@....o........#
#)@.....o...
##.[........
###)....... #.)......#
#..........
#.......$....
#............
#......###...


You could see Rupert (berserk), an orc wizard (fleeing) and 2 orcs.

Vanquished Creatures
  An orc warlord (Orc:2)
  A minotaur (Gauntlet)
  Snorg (Lair:3)
  5 hydras
  Harold (Lair:2)
  A boulder beetle (Lair:4)
  A two-headed ogre (D:10)
  Sonja (Orc:1)
  An unseen horror (D:7)
  2 orc sorcerers (Orc:2)
  5 elephants
  2 black mambas
  9 cane toads
  5 komodo dragons
  2 rime drakes
  2 minotaur zombies (Gauntlet)
  A tyrant leech (Gauntlet)
  3 polar bears
  5 trolls
  Sigmund (D:4)
  2 wyverns (Lair:4)
  23 yaks
  5 basilisks
  Menkaure (D:5)
  3 wargs
  9 swamp worms
  16 water moccasins
  14 orc warriors
  2 ice beasts
  3 sky beasts
  An eye of draining (D:10)
  5 phantoms
  3 centaurs
  A necrophage (D:7)
  12 ogres
  A big kobold (Sewer)
  12 bullfrogs
  A gnoll sergeant (Orc:1)
  11 killer bees
  5 scorpions
  7 wights
  5 howler monkeys
  4 electric eels (Lair:1)
  A centaur zombie (D:8)
  A quasit (D:7)
  2 hounds
  2 jellies (D:7)
  11 orc priests
  A bullfrog zombie (D:5)
  A centaur skeleton (D:4)
  A bullfrog skeleton (D:5)
  2 iguanas
  12 orc wizards
  2 worker ants
  6 hell rats (Lair:3)
  A hound skeleton (D:5)
  4 worker ant zombies
  9 adders
  7 gnolls
  3 shadow imps (D:6)
  2 ufetubi
  2 adder zombies
  An adder skeleton (D:9)
  7 worms
  2 dart slugs (D:1)
  10 leopard geckos
  64 orcs
  6 giant cockroaches
  8 goblins
  6 hobgoblins
  12 jackals
  8 kobolds
  3 quokkas
  2 ball pythons
  4 bats
  7 frilled lizards
  A jackal skeleton (D:9)
  A leopard gecko zombie (D:4)
  2 quokka skeletons
  A quokka zombie (D:4)
  13 rats
424 creatures vanquished.

Vanquished Creatures (collateral kills)
  2 elephants
  A black mamba (Lair:4)
  A basilisk (Lair:4)
  A big kobold (D:10)
  2 wights (D:6)
  An orc (D:10)
  3 kobolds (D:10)
11 creatures vanquished.

Vanquished Creatures (others)
  24 fungi
  34 plants
  4 withered plants (D:4)
62 creatures vanquished.

Grand Total: 497 creatures vanquished

Notes
Turn   | Place    | Note
-------+----------+-------------------------------------------
     0 | D:1      | raph the Merfolk Ice Elementalist began the quest for the
                  | Orb.
     0 | D:1      | Reached XP level 1. HP: 13/13 MP: 3/3
   198 | D:1      | Reached XP level 2. HP: 19/19 MP: 0/5
   212 | D:1      | Reached skill level 3 in Dodging
  1202 | D:2      | Found a shimmering altar of Xom.
  1207 | D:2      | Reached XP level 3. HP: 22/24 MP: 3/6
  1211 | D:2      | Learned a level 3 spell: Frozen Ramparts
  1295 | D:2      | Found a bloodstained altar of Trog.
  1437 | D:2      | Reached skill level 5 in Ice Magic
  1824 | D:2      | Reached XP level 4. HP: 28/30 MP: 1/7
  2415 | D:2      | Learned a level 3 spell: Ozocubu's Armour
  2870 | D:3      | Reached XP level 5. HP: 30/35 MP: 4/9
  3365 | D:4      | Reached skill level 1 in Polearms
  3367 | D:4      | Reached skill level 4 in Dodging
  3455 | D:4      | Noticed a phantom
  3477 | D:4      | Found a glowing drain.
  3486 | Sewer    | Entered a sewer
  3718 | Sewer    | Noticed a big kobold
  3731 | Sewer    | Killed a big kobold
  3732 | Sewer    | Reached skill level 1 in Fighting
  3732 | Sewer    | Reached XP level 6. HP: 36/43 MP: 4/10
  3798 | Sewer    | Found a white marble altar of Elyvilon.
  4211 | D:4      | Learned a level 2 spell: Wereblood
  4366 | D:4      | Noticed Sigmund
  4512 | D:4      | Killed Sigmund
  4513 | D:4      | Reached skill level 1 in Transmutations
  4513 | D:4      | Reached XP level 7. HP: 37/49 MP: 2/11
  4639 | D:4      | Found Loimiat's Book Boutique.
  5077 | D:5      | Entered Level 5 of the Dungeon
  5474 | D:5      | Noticed Menkaure
  5563 | D:5      | Found an ornate altar of the Wu Jian Council.
  5599 | D:5      | Reached skill level 5 in Dodging
  5641 | D:5      | Learned a level 4 spell: Summon Ice Beast
  6101 | D:6      | Found Utuef's Assorted Antiques.
  6117 | D:6      | Bought a twisted filigree amulet for 135 gold pieces
  6117 | D:6      | Bought a scroll labelled MURAOBB ZISIO for 27 gold pieces
  6199 | D:6      | Reached XP level 8. HP: 50/57 MP: 13/13
  6464 | D:6      | Found a shadowy altar of Dithmenos.
  6607 | D:6      | Found a snail-covered altar of Cheibriados.
  6607 | D:6      | Found a transporter.
  6624 | D:6      | Reached skill level 1 in Summonings
  6930 | D:6      | Found Buasuipn's Antique Weapon Shoppe.
  7008 | D:6      | Noticed an ancient zyme
  7019 | D:6      | Noticed a worldbinder
  7079 | D:6      | Found a transporter.
  7084 | D:6      | Identified the +1 short sword of Success {distort, *Rage
                  | Str+4 Int+2}
  7128 | D:6      | Found Unti's Assorted Antiques.
  7138 | D:6      | Bought a scroll of identify for 48 gold pieces
  7369 | D:6      | Found a shimmering altar of Xom.
  7635 | D:6      | Found Cycwor's Distillery.
  7643 | D:6      | Bought a potion of heal wounds for 60 gold pieces
  7643 | D:6      | Bought a potion of magic for 96 gold pieces
  7728 | D:7      | Reached skill level 5 in Stealth
  7935 | D:7      | Found a sacrificial altar of Ru.
  8249 | D:7      | Found an ancient bone altar of Kikubaaqudgha.
  8320 | D:7      | Found a runed translucent gate.
  8320 | D:7      | Found a runed translucent gate.
  8320 | D:7      | Found a runed translucent gate.
  8320 | D:7      | Noticed Sassenached's ghost (journeyman NaWn)
  8484 | D:7      | Killed an unseen horror
  8485 | D:7      | Reached skill level 5 in Polearms
  8485 | D:7      | Reached skill level 6 in Dodging
  8485 | D:7      | Reached XP level 9. HP: 21/65 MP: 15/15
  8738 | D:7      | Found a sparkling altar of Nemelex Xobeh.
  9400 | D:5      | Found a staircase to the Ecumenical Temple.
  9406 | Temple   | Entered the Ecumenical Temple
 10025 | Temple   | Became a worshipper of Warmaster Okawaru
 10265 | D:5      | Killed Menkaure
 10266 | D:5      | Reached skill level 7 in Dodging
 10275 | D:5      | Found a broken altar of Ashenzari.
 10276 | D:5      | Found a shimmering blue altar of Sif Muna.
 10931 | D:6      | Learned a level 4 spell: Ice Form
 11164 | D:8      | Identified a scroll of acquirement
 11164 | D:8      | Acquired the ring of Ru's Regard {+Inv rElec MP-9 EV+4
                  | Str+5}
 11287 | D:8      | Reached skill level 1 in Shields
 11287 | D:8      | Reached skill level 5 in Transmutations
 11294 | D:8      | Reached * piety under Okawaru
 11295 | D:8      | Reached skill level 1 in Invocations
 11529 | D:8      | Reached XP level 10. HP: 73/73 MP: 12/17
 11606 | D:8      | Reached skill level 8 in Dodging
 11891 | D:8      | Found an ornate altar of the Wu Jian Council.
 12076 | D:8      | Noticed a brown ugly thing
 12078 | D:8      | Found a transporter.
 12079 | D:8      | Found a corrupted altar of Lugonu.
 12079 | D:8      | Noticed a red ugly thing
 12211 | D:8      | Found a transporter.
 12211 | D:8      | Noticed a red ugly thing
 12407 | D:8      | Reached ** piety under Okawaru
 12818 | D:9      | Reached skill level 9 in Dodging
 13044 | D:9      | Found a staircase to the Lair.
 13179 | D:9      | Noticed an ice statue
 13717 | D:9      | Found an opulent altar of Gozag.
 14171 | D:10     | Entered Level 10 of the Dungeon
 14190 | Lair:1   | Entered Level 1 of the Lair of Beasts
 14203 | Lair:1   | Noticed a five-headed hydra
 14218 | Lair:1   | Killed a five-headed hydra
 14218 | Lair:1   | Reached *** piety under Okawaru
 14219 | Lair:1   | Reached skill level 10 in Dodging
 14219 | Lair:1   | Reached skill level 5 in Spellcasting
 14274 | Lair:1   | Reached XP level 11. HP: 67/78 MP: 18/18
 14791 | Lair:1   | Reached **** piety under Okawaru
 15032 | Lair:1   | Learned a level 1 spell: Animate Skeleton
 15315 | Lair:1   | Reached skill level 10 in Polearms
 15315 | Lair:1   | Reached skill level 11 in Dodging
 15566 | Lair:1   | Reached skill level 5 in Invocations
 15570 | Lair:1   | Reached ***** piety under Okawaru
 17541 | Lair:2   | Found a gate leading to a gauntlet.
 17551 | Gauntlet | Entered a Gauntlet
 17551 | Gauntlet | Found a transporter.
 17551 | Gauntlet | Found a transporter.
 17554 | Gauntlet | Noticed a death scarab
 17564 | Gauntlet | Found a transporter.
 17581 | Gauntlet | Found a transporter.
 17581 | Gauntlet | Found a transporter.
 17583 | Gauntlet | Found a transporter.
 17583 | Gauntlet | Found a transporter.
 17584 | Gauntlet | Found a transporter.
 17597 | Gauntlet | Found a transporter.
 17610 | Gauntlet | Noticed a dire elephant
 17613 | Gauntlet | Found a transporter.
 17615 | Gauntlet | Found the cursed necklace of Bloodlust {*Rage +Rage Will++
                  | Int-3 Slay+6 *Curse}
 17623 | Gauntlet | Found a transporter.
 17626 | Gauntlet | Noticed a catoblepas
 17637 | Gauntlet | Found a transporter.
 17657 | Gauntlet | Found a transporter.
 17661 | Gauntlet | Found a runed translucent door.
 17665 | Gauntlet | Found a runed translucent door.
 17669 | Gauntlet | Found a transporter.
 18150 | Gauntlet | Got a coiled glass ring
 18151 | Gauntlet | Identified Zaigitamul's Collected Works on the Dark Escort
 18154 | Gauntlet | Identified the ring of Buxzo {Fire rElec rN+ Will- MP+9}
                  | (You found it in a Gauntlet)
 18195 | Gauntlet | Got a heavily runed jade ring
 18199 | Gauntlet | Noticed a minotaur
 18230 | Gauntlet | Killed a minotaur
 18242 | Gauntlet | Reached skill level 12 in Dodging
 18242 | Gauntlet | Reached skill level 10 in Ice Magic
 18633 | Gauntlet | Identified Jemuixar's Volume of the Poisonous Traveller
 19438 | D:6      | Bought a pitted helmet for 256 gold pieces
 19448 | D:6      | Identified the cursed -6 helmet of Death Resistance
                  | {Stlth+} (You bought it in a shop on level 6 of the
                  | Dungeon)
 19463 | D:6      | Identified the ring "Fues" {+Fly rC+ Str+4} (You found it
                  | in a Gauntlet)
 19595 | Lair:2   | Reached XP level 12. HP: 72/84 MP: 21/21
 19943 | Lair:2   | Found a hole to the Spider Nest.
 20050 | Lair:2   | Noticed Harold
 20066 | Lair:2   | Killed Harold
 20232 | Lair:3   | Noticed a four-headed hydra
 20241 | Lair:3   | Noticed a six-headed hydra
 20251 | Lair:3   | Killed a four-headed hydra
 20257 | Lair:3   | Killed a six-headed hydra
 20257 | Lair:3   | Received a gift from Okawaru
 20520 | Lair:3   | Noticed a six-headed hydra
 20539 | Lair:3   | Reached skill level 13 in Dodging
 20830 | Lair:3   | Received a gift from Okawaru
 21654 | Lair:3   | Found a staircase to the Shoals.
 22208 | Lair:3   | Noticed Snorg
 22236 | Lair:3   | Killed Snorg
 22556 | Lair:3   | Killed a six-headed hydra
 22557 | Lair:3   | Reached skill level 14 in Dodging
 22820 | Lair:4   | Noticed a four-headed hydra
 22833 | Lair:4   | Killed a four-headed hydra
 22896 | Lair:4   | Noticed a boulder beetle
 22924 | Lair:4   | Killed a boulder beetle
 23029 | Lair:4   | Reached XP level 13. HP: 70/89 MP: 24/24
 23155 | Lair:4   | Learned a level 3 spell: Ignite Poison
 23194 | Lair:4   | Reached skill level 15 in Dodging
 24129 | Lair:5   | Learned a level 2 spell: Blink
 24898 | Lair:5   | Identified the Incunabulum of Clay
 25362 | Lair:5   | Found a viscous altar of Jiyva.
 25362 | Lair:5   | Found a staircase to the Slime Pits.
 26169 | D:10     | Found a staircase to the Orcish Mines.
 26429 | D:10     | Received a gift from Okawaru
 26839 | Orc:1    | Entered Level 1 of the Orcish Mines
 26839 | Orc:1    | Found a roughly hewn altar of Beogh.
 27139 | Orc:1    | Noticed Sonja
 27156 | Orc:1    | Reached skill level 1 in Armour
 27158 | Orc:1    | Reached skill level 16 in Dodging
 27253 | Orc:1    | Killed Sonja
 27746 | Orc:2    | Entered Level 2 of the Orcish Mines
 27746 | Orc:2    | Noticed an orc warlord
 27774 | Orc:2    | Killed an orc warlord
 28007 | Orc:2    | Found a staircase to the Elven Halls.
 28037 | Orc:2    | Noticed Rupert
 28047 | Orc:2    | Paralysed by Rupert for 3 turns
 28061 | Orc:2    | Annihilated by Rupert

Illustrated notes

Levels and vault maps discovered:
D:1:      wheals_arrival_shading, layout_loops_ring, serial_forest,
          infiniplex_forest_end_1, infiniplex_forest_straight_3,
          infiniplex_forest_clump_cross, infiniplex_forest_clump_medium
D:2:      layout_basic, lemuel_round_altar, bloody_trog
D:3:      layout_rooms
D:4:      layout_rooms, enter_ossuary_2, serial_shops, nicolae_shop_waterfront,
          portal_sewer_entry_f, serial_undead, serial_undead_d, serial_undead_b,
          serial_undead_d, serial_undead_b, uniq_sigmund
D:5:      layout_layer_cave, gammafunk_temple_overflow_wave,
          nzn_wu_jian_contemplation, temple_statues, minmay_manual_mullet,
          uniq_menkaure
D:6:      layout_basic, general_overflow_altar, kennysheep_mini_moat,
          gammafunk_ghost_abyssal_escape, serial_shops, shop, shop, shop,
          nicolae_shop_window_shopping, basic_altar
D:7:      layout_gridville, nemelex_xobeh_ov_fountains_minmay,
          hangedman_ru_absence, kiku_gazebo_pond_becter,
          ebering_ghost_rock_garden
D:8:      gammafunk_corrupted_shrine, layout_loops_cross, basic_altar
D:9:      cheibrodos_frozen_isle, layout_loops_ring, david_lair_shrubbed,
          kennysheep_minor_cross, nicolae_gozag_cash_rules_everything_around_me
D:10:     layout_gridville, david_orc_1_choice
D:11:     hangedman_what_comes_after_a, layout_basic, serial_shops,
          nicolae_shop_waterfront, lemuel_flame_loot_1
Temple:   minmay_temple_forest_path
Lair:1:   layout_chaotic_city, serial_bayou, serial_bayou_crossing,
          serial_bayou_pond_c, serial_bayou_pond_b, serial_bayou_lake_a,
          serial_bayou_pond_c, worms_lemuel, infiniplex_staircase_pool_2
Lair:2:   layout_chaotic_city, spider_nest_entry_web_field,
          gauntlet_entry_generic, grunt_megastairs_3, uniq_harold
Lair:3:   layout_chaotic_city, shoals_dummy_entry, uniq_snorg
Lair:4:   layout_roguey, columned_hall_lemuel, grunt_forest_stairs_basic,
          serial_bayou_shore_b
Lair:5:   layout_loops_ring, dpeg_slime_entry_enclosed_altar
Orc:1:    layout_caves, basic_altar, uniq_sonja
Orc:2:    st_orc_open, layout_diamond_mine, serial_shops, nicolae_shop_trees,
          uniq_rupert

Skill      XL: |  1  2  3  4  5  6  7  8  9 10 11 12 13 |
---------------+----------------------------------------+-----
Dodging        | 3 4 5 6 7 10 12 14 16 | 16.4
Ice Magic      | 5 6 7 8 9 10 11 12 | 12.2
Stealth        | 3 4 5 6 |  6.1
Polearms       | 1 2 3 5 6 8 11 12 | 12.0
Fighting       | 1 2 3 4 |  4.3
Spellcasting   | 3 4 5 6 7 8 |  8.9
Transmutations | 1 2 4 5 6 |  6.5
Summonings     | 2 3 |  3.0
Shields        | 2 4 |  4.0
Invocations    | 1 4 5 8 9 |  9.6
Armour         | 2 |  2.0

Action                   |  1- 3 |  4- 6 |  7- 9 | 10-12 | 13-15 || total
-------------------------+-------+-------+-------+-------+-------++-------
Melee: Unarmed           |    18 |       |     4 |    11 |    11 ||    44
       Dagger            |    69 |    36 |       |       |       ||   105
       Spear             |       |   155 |   306 |   655 |   333 ||  1449
       Tailslap          |       |       |     2 |     1 |       ||     3
       Trident           |       |       |       |    10 |       ||    10
 Cast: Freeze            |    36 |    17 |       |       |     1 ||    54
       Frozen Ramparts   |       |    12 |    27 |    58 |    41 ||   138
       Ozocubu's Armour  |       |     3 |    12 |    27 |    14 ||    56
       Summon Ice Beast  |       |       |     2 |     1 |     6 ||     9
       Ice Form          |       |       |     1 |     2 |     4 ||     7
       Animate Skeleton  |       |       |       |       |     5 ||     5
       Ignite Poison     |       |       |       |       |     1 ||     1
Invok: Heroism           |       |       |       |     8 |     5 ||    13
       Finesse           |       |       |       |     4 |     2 ||     6
 Abil: End Transformatio |       |       |       |       |     1 ||     1
Evoke: Phantom mirror    |       |       |       |     1 |       ||     1
       Lightning rod     |       |       |       |       |     2 ||     2
       Condenser vane    |       |       |       |       |     1 ||     1
  Use: Scroll            |       |     8 |    13 |     8 |     4 ||    33
       Potion            |       |     1 |     3 |     5 |     2 ||    11
 Stab: Sleeping          |     1 |     5 |     5 |     6 |     2 ||    19
       Distracted        |       |     1 |     1 |       |     1 ||     3
       Invisible         |       |       |       |     3 |       ||     3
Armor: Robe              |    29 |    56 |    58 |    50 |    23 ||   216
       Skin              |       |       |     2 |     1 |     3 ||     6
       Troll leather arm |       |       |       |       |     4 ||     4
Dodge: Dodged            |    77 |   151 |   215 |   277 |   195 ||   915
Block: Buckler           |       |       |     2 |   113 |    60 ||   175
